 Dungeon Crawl Stone Soup version 0.26-a0-935-g3624241d3c (webtiles) character file.

Game seed: 15753005094767754147

4281 marklar909 the Slinger (level 10, 0/72 HPs)
             Began as a Halfling Hunter on Nov 27, 2020.
             Was a Follower of Okawaru.
             Slain by a water moccasin (1 damage)
             ... on level 8 of the Dungeon.
             The game lasted 00:14:08 (8913 turns).

marklar909 the Slinger (Halfling Hunter)            Turns: 8913, Time: 00:14:09

Health: 0/72       AC: 12    Str: 16    XL:     10   Next: 57%
Magic:  8/10       EV: 12    Int:  9    God:    Okawaru [*.....]
Gold:   286        SH:  6    Dex: 16    Spells: 9/9 levels left

rFire    . . .     SeeInvis .   b - +0 short sword
rCold    . . .     Faith    .   u - +1 buckler
rNeg     . . .     Spirit   .   v - +0 chain mail
rPois    .         Reflect  .   (no helmet)
rElec    .         Harm     .   x - +1 cloak
rCorr    .         Rampage  .   (no gloves)
MR       .....                  (no boots)
Stlth    ..........             (no amulet)
HPRegen  0.22/turn              w - ring "Empuirchutto" {Slay+5 Stlth+}
MPRegen  0.12/turn              (no ring)

@: no status effects
A: small, mutation resistance 1
a: Heroism, Renounce Religion


You were on level 8 of the Dungeon.
You worshipped Okawaru.
Okawaru was aware of your devotion.
You visited 2 branches of the dungeon, and saw 9 of its levels.

You collected 286 gold pieces.

Inventory:

Hand Weapons
 a - a +2 hunting sling
 b - a +0 short sword (weapon)
Missiles
 d - a sling bullet
 g - a stone
Armour
 u - a +1 buckler (worn)
 v - a +0 chain mail (worn)
 x - a +1 cloak (worn)
Jewellery
 w - the ring "Empuirchutto" (left hand) {Slay+5 Stlth+}
   (You acquired it on level 7 of the Dungeon)

   [ring of stealth]

   It affects your accuracy and damage with ranged weapons and melee attacks
   (+5).
   It makes you more stealthy.
Scrolls
 c - 3 scrolls of identify
 e - a scroll of teleportation
 h - 2 scrolls of blinking
 j - a scroll of remove curse
 m - a scroll of magic mapping
 q - a scroll of amnesia
 t - 2 scrolls of silence
Potions
 f - 4 potions of lignification
 i - a potion of attraction {unknown}
 k - a potion of magic {unknown}
 l - a potion of berserk rage {unknown}
 o - 3 potions of curing
 p - a potion of haste {unknown}
 r - a potion of invisibility {unknown}


   Skills:
 * Level 7.7 Fighting
 + Level 1.2 Short Blades
 + Level 12.4 Slings
 * Level 7.2 Armour
 * Level 6.3 Dodging
 + Level 2.0 Stealth
 + Level 1.9 Shields
 + Level 1.1 Evocations


You had 9 spell levels left.
You didn't know any spells.
Your spell library contained the following spells:

 Spells                   Type           Power        Failure   Level
 Beastly Appendage        Tmut           #.....       100%        1
 Wereblood                Tmut           #.......     100%        2
 Spider Form              Tmut/Pois      #.........   100%        3
 Ice Form                 Ice/Tmut       #.......     100%        4
 Blade Hands              Tmut           #.........   100%        5


Dungeon Overview and Level Annotations

Branches:
Dungeon (8/15)             Temple (1/1) D:6            Lair (0/6) D:8

Altars:
Ashenzari
Cheibriados
Dithmenos
Elyvilon
Fedhas
Gozag
Hepliaklqana
Kikubaaqudgha
Makhleb
Nemelex Xobeh
Okawaru
Sif Muna
Uskayaw
Vehumet
Wu Jian
Xom
Yredelemnul
Zin
The Shining One

Shops:
D:6 }

Portals:
Ossuary: D:8

Annotations:
D:5 Dowan, Duvessa


Innate Abilities, Weirdness & Mutations

You are small and have problems with some larger weapons.
You are somewhat resistant to further mutation.


Message History

Your base Short Blades skill increases to level 1!
You barely miss the water moccasin. You block the water moccasin's attack.
The orc warrior hits you with a +0 scimitar!
* * * LOW HITPOINT WARNING * * *
Unknown command.
You hit the water moccasin.
The water moccasin is lightly wounded.
The water moccasin barely misses you. The orc warrior closely misses you.
You block the water moccasin's attack.
Unknown command.
You puncture the water moccasin!
The water moccasin is heavily wounded.
The water moccasin bites you but does no damage.
You puncture the water moccasin!
The water moccasin is almost dead.
You feel like a meek peon again.
The orc warrior hits you with a +0 scimitar!
* * * LOW HITPOINT WARNING * * *
The water moccasin bites you.
You die...

.# ..........P..... .#
#...........# .# ##
#.....(...# .#
#..####...(.### .#
#...###((.o## .#
###)###oo#oh# .#
#(#().###{# ## ##..(.## #o#
# ##..#).## #@# #
##..###)(###.S.# ##
#####..## #'.(.###..# ##>.
##....##.∩.##)o####... ...
.#.##..##.##...).#####..##.
...###..###...$..(####..)..
..## #..#....#...(....(...
.## ....########(....... .#
.##.# ##.(.##...#


You could see a warg, an orc warrior, a water moccasin, an orc wizard and an
orc.

Vanquished Creatures
  An ugly thing (D:7)
  Grinder (D:6)
  Sigmund (D:6)
  Eustachio (D:6)
  2 wargs (D:8)
  Menkaure (D:5)
  A black bear (D:7)
  2 orc warriors (D:7)
  4 sky beasts
  4 centaurs
  5 ogres
  A phantom (D:6)
  3 bullfrogs
  A scorpion (D:8)
  A bullfrog zombie (D:6)
  5 hounds
  2 jellies
  8 orc priests
  8 orc wizards
  3 centaur skeletons
  2 bullfrog skeletons (D:4)
  4 iguanas
  5 worker ants
  A hound zombie (D:8)
  4 gnolls (D:4)
  12 adders
  A shadow imp (D:6)
  2 white imps (D:6)
  An ufetubus (D:6)
  3 oozes
  An adder zombie (D:6)
  An adder skeleton (D:8)
  2 dart slugs
  3 worms
  2 leopard geckos (D:6)
  19 orcs
  2 bats
  3 giant cockroaches
  8 goblins
  8 hobgoblins
  6 jackals
  4 quokkas
  A ball python (D:4)
  5 frilled lizards
  A jackal zombie (D:7)
  7 kobolds
  A leopard gecko skeleton (D:5)
  A quokka skeleton (D:4)
  4 rats
169 creatures vanquished.

Notes
Turn   | Place    | Note
-------+----------+-------------------------------------------
     0 | D:1      | marklar909 the Halfling Hunter began the quest for the Orb.
     0 | D:1      | Reached XP level 1. HP: 14/14 MP: 1/1
    22 | D:1      | Reached skill level 6 in Slings
    93 | D:1      | Reached XP level 2. HP: 19/19 MP: 2/2
   490 | D:1      | Reached XP level 3. HP: 24/24 MP: 3/3
   524 | D:1      | Found a broken altar of Ashenzari.
   727 | D:1      | Reached skill level 7 in Slings
  1013 | D:2      | Reached XP level 4. HP: 29/29 MP: 4/4
  1451 | D:3      | Noticed a centaur
  1723 | D:3      | Found a radiant altar of Vehumet.
  1847 | D:3      | Killed a centaur
  1848 | D:3      | Reached skill level 8 in Slings
  1848 | D:3      | Reached skill level 1 in Armour
  1848 | D:3      | Reached XP level 5. HP: 28/34 MP: 5/5
  2408 | D:3      | You fall into a shaft and drop 1 floor!
  2417 | D:4      | Reached XP level 6. HP: 39/39 MP: 6/6
  3320 | D:4      | Noticed an ogre
  3328 | D:4      | Killed an ogre
  3329 | D:4      | Reached skill level 9 in Slings
  3329 | D:4      | Reached XP level 7. HP: 46/46 MP: 7/7
  3682 | D:4      | Found an ornate altar of the Wu Jian Council.
  3686 | D:4      | Found a broken altar of Ashenzari.
  3689 | D:4      | Found a snail-covered altar of Cheibriados.
  3974 | D:5      | Entered Level 5 of the Dungeon
  4379 | D:5      | Noticed Duvessa
  4380 | D:5      | Noticed Dowan
  4547 | D:5      | Reached XP level 8. HP: 29/54 MP: 8/8
  4685 | D:5      | Noticed Menkaure
  4688 | D:5      | Killed Menkaure
  4689 | D:5      | Reached skill level 10 in Slings
  4795 | D:5      | Found a sparkling altar of Nemelex Xobeh.
  4847 | D:5      | Found a burning altar of Makhleb.
  5038 | D:6      | Reached skill level 1 in Shields
  5261 | D:6      | Noticed Grinder
  5262 | D:6      | Found a hide-covered altar of Uskayaw.
  5294 | D:6      | Killed Grinder
  5295 | D:6      | Reached skill level 5 in Dodging
  5333 | D:6      | Reached XP level 9. HP: 54/59 MP: 9/9
  5445 | D:6      | Noticed Eustachio
  5478 | D:6      | Killed Eustachio
  5479 | D:6      | Reached skill level 5 in Fighting
  5479 | D:6      | Reached skill level 11 in Slings
  5545 | D:6      | Found Naotopn's Gadget Emporium.
  5554 | D:6      | Noticed Sigmund
  5803 | D:6      | Found a staircase to the Ecumenical Temple.
  6103 | D:6      | Killed Sigmund
  6261 | D:6      | Reached skill level 5 in Armour
  6887 | D:7      | Found a sparkling altar of Nemelex Xobeh.
  7227 | D:7      | Noticed a purple ugly thing
  7248 | D:7      | HP: 2/63 [purple ugly thing (10)]
  7333 | Temple   | Entered the Ecumenical Temple
  7670 | Temple   | Became a worshipper of Warmaster Okawaru
  7791 | D:7      | Killed a purple ugly thing
  7792 | D:7      | Reached skill level 12 in Slings
  7792 | D:7      | Reached XP level 10. HP: 66/69 MP: 10/10
  8069 | D:7      | Reached * piety under Okawaru
  8326 | D:7      | Reached skill level 1 in Evocations
  8489 | D:7      | Identified a scroll of acquirement
  8489 | D:7      | Acquired the ring "Empuirchutto" {Slay+5 Stlth+}
  8769 | D:8      | Found a staircase to the Lair.
  8879 | D:8      | Found a sand-covered staircase.
  8910 | D:8      | Reached skill level 1 in Short Blades
  8913 | D:8      | HP: 1/72 [orc warrior/+0 scimitar (14)]
  8913 | D:8      | Slain by a water moccasin

Illustrated notes

Levels and vault maps discovered:
D:1:      mushboom_english_gardens, layout_basic, ashenzari_altar_1
D:2:      layout_basic, kennysheep_generic_room_11
D:3:      layout_basic, lemuel_crystal_altar
D:4:      layout_basic, minmay_overflow_temple_star_quad, minmay_close_crescents
D:5:      layout_rooms, grunt_temple_overflow_diamond, hangedman_feature_mirror,
          nemelex_dance_club_becter, uniq_duvessa, uniq_menkaure
D:6:      layout_loops_cross, minmay_temple_entry_statues, serial_shops,
          nicolae_shop_waterfront, basic_altar, uniq_grinder, uniq_sigmund,
          uniq_eustachio
D:7:      layout_basic, nemelex_diamond_rough_becter
D:8:      layout_rooms, erik_lair_orcish_takeover, enter_ossuary_5,
          trog_butcher_becter, uniq_psyche, uniq_grum
Temple:   regret_index_temple_waves

Skill      XL: |  1  2  3  4  5  6  7  8  9 10 |
---------------+-------------------------------+-----
Slings         | 6 7 8 9 10 12 | 12.4
Fighting       | 2 3 4 6 7 |  7.7
Armour         | 1 2 3 4 6 7 |  7.2
Dodging        | 3 4 5 6 |  6.3
Shields        | 1 |  1.9
Evocations     | 1 |  1.1
Stealth        | 2 |  2.0
Short Blades   | 1 |  1.2

Action                   |  1- 3 |  4- 6 |  7- 9 | 10-12 || total
-------------------------+-------+-------+-------+-------++-------
Melee: Hunting sling     |       |     3 |       |     4 ||     7
       Short sword       |       |       |       |    18 ||    18
 Fire: Hunting sling     |    70 |   213 |   468 |   170 ||   921
Invok: Heroism           |       |       |       |     7 ||     7
Evoke: Wand              |       |       |     7 |     4 ||    11
  Use: Scroll            |       |     4 |    11 |     1 ||    16
       Potion            |       |     1 |     3 |     1 ||     5
Armor: Leather armour    |     1 |       |       |       ||     1
       Ring mail         |     1 |    29 |       |       ||    30
       Chain mail        |       |       |    52 |    31 ||    83
Dodge: Dodged            |     8 |    58 |    70 |    45 ||   181
Block: Buckler           |       |       |    41 |    29 ||    70

Table legend: (Time is in decaauts)
 A = Elapsed time spent in this place.
 B = Non-inter-level travel time spent in this place.
 C = Inter-level travel time spent in this place.
 D = Time resting spent in this place.
 E = Time spent auto-exploring this place.
 F = Levels seen in this place.
 G = Mean time per level.
                   A        B        C        D        E       F      G
               +--------+--------+--------+--------+--------+-----+--------+
         Total |   8647 |   8121 |    526 |    553 |   6244 |   9 |  960.8 |
       Dungeon |   8265 |   7812 |    453 |    553 |   5937 |   8 | 1033.1 |
        Temple |    381 |    309 |     72 |      0 |    307 |   1 |  381.0 |
               +--------+--------+--------+--------+--------+-----+--------+

Top non-repeatable levels by time:
     D:4: 1943 daAuts
     D:6: 1900 daAuts
     D:7: 1214 daAuts
     D:3: 1001 daAuts
     D:1: 854 daAuts
     D:2: 522 daAuts
     D:5: 464 daAuts
  Temple: 381 daAuts
     D:8: 364 daAuts
